 Dungeon Crawl Stone Soup version 0.28.0-45-g0d030f2227 (webtiles) character file.

Game seed: 1877010850016756291

9 protoss039 the Digger (level 2, 0/20 HPs)
             Began as a Demonspawn Earth Elementalist on May 23, 2022.
             Slain by a jackal (1 damage)
             ... on level 1 of the Dungeon.
             The game lasted 00:02:54 (165 turns).

protoss039 the Digger (DsEE)                         Turns: 165, Time: 00:02:54

Health: 0/20       AC:  2    Str:  8    XL:     2   Next: 3%
Magic:  0/5        EV: 12    Int: 16    God:
Gold:   13         SH:  0    Dex: 13    Spells: 4/5 levels left

rFire   . . .      SeeInvis .   (no weapon)
rCold   . . .      Faith    .   (no shield)
rNeg    . . .      Spirit   .   b - +0 robe
rPois   .          Reflect  .   (no helmet)
rElec   .          Harm     .   (no cloak)
rCorr   .          Rampage  .   (no gloves)
Will    .....                   (no boots)
Stlth   ++........              (no amulet)
HPRegen 0.06/turn               (no ring)
MPRegen 0.09/turn               (no ring)

@: no status effects
A: powered by pain 1
a: no special abilities


You were on level 1 of the Dungeon.
You visited 1 branch of the dungeon, and saw 1 of its levels.

You collected 13 gold pieces.

Inventory:

Missiles
 c - 20 stones
Armour
 b - a +0 robe (worn)


   Skills:
 * Level 0.6 Fighting
 + Level 0.2 Armour
 - Level 1.7 Dodging
 - Level 1.7 Stealth
 + Level 2.1 Spellcasting
 * Level 1.2 Transmutations
 + Level 2.7 Earth Magic


You had 4 spell levels left.
You knew the following spells:

 Your Spells              Type           Power      Damage    Failure   Level
a - Sandblast             Erth           20%        2d7       7%          1

Your spell library contained the following spells:

 Spells                   Type           Power      Damage    Failure   Level
 Passwall                 Tmut/Erth      6%         N/A       14%         2
 Pain                     Necr           4%         1d4       21%         1
 Stone Arrow              Conj/Erth      12%        3d7       34%         3
 Petrify                  Tmut/Erth      8%         N/A       65%         4


Dungeon Overview and Level Annotations

Branches:
Dungeon (1/15)

Altars:


Innate Abilities, Weirdness & Mutations

You sometimes gain a little power by taking damage.


Message History

The blast of sand hits the jackal.
You kill the jackal!
The jackal barely misses you.
Unknown command.
The jackal barely misses you. The jackal bites you.
* * * LOW HITPOINT WARNING * * *
The jackal closely misses you. x2
The jackal bites you but does no damage.
You open the door. The jackal bites you.
* * * LOW HITPOINT WARNING * * *
The jackal closely misses you. The jackal bites you.
* * * LOW HITPOINT WARNING * * *
There is an open door here.
The jackal bites you but does no damage.
Casting: Sandblast (safe; 7% risk of failure)
Confirm with . or Enter, or press ? or * to list all spells.
Aiming: Sandblast (safe; 7% risk of failure)
Press: ? - help, Shift-Dir - straight line, f - jackal
Aim: a jackal (74% to hit)
The blast of sand hits the jackal!
You kill the jackal!
You have reached level 2!
Your demonic ancestry asserts itself...
You feel energised by your suffering.
Unknown command.
The jackal closely misses you.
You open the door. The jackal barely misses you. x2
There is an open door here.
The jackal bites you.
* * * LOW HITPOINT WARNING * * *
You see here a jackal corpse.
Unknown command.
Unknown command.
There is an open door, spattered with blood here.
Unknown command.
Unknown command.
The jackal closely misses you. The jackal bites you.
You die...

#......#.##.#
#..#####.##.#
######## #..#
#>..'.#
#......# #..#
#######
###......###..#
#........'†...#
###.....g###'##
#.....h##...##
#.....@##....#
#......##....#
#......'.....#
#......##...##
#...(..######
######.# #.#
#.# #.#


You could see a jackal and a goblin.

Vanquished Creatures
  A dart slug (D:1)
  A hobgoblin (D:1)
  3 jackals (D:1)
  A rat (D:1)
6 creatures vanquished.

Vanquished Creatures (others)
  A plant (D:1)
1 creature vanquished.

Grand Total: 7 creatures vanquished

Notes
Turn   | Place    | Note
-------+----------+-------------------------------------------
     0 | D:1      | protoss039 the Demonspawn Earth Elementalist began the
                  | quest for the Orb.
     0 | D:1      | Reached XP level 1. HP: 13/13 MP: 3/3
    58 | D:1      | Reached skill level 1 in Transmutations
    87 | D:1      | Found a faded altar of an unknown god.
    93 | D:1      | Got Plato's Disquisition on Sinister Arts
   156 | D:1      | Gained mutation: You sometimes gain a little power by
                  | taking damage. [demonic ancestry]
   156 | D:1      | Reached XP level 2. HP: 1/20 MP: 0/5
   161 | D:1      | HP: 1/20 [jackal (1)]
   165 | D:1      | Slain by a jackal

Illustrated notes

Levels and vault maps discovered:
D:1:      amcnicky_arrival_choice, layout_basic,
          shapermc_ecumenical_altar_rom_forum, minmay_box_of_dots

Skill      XL: |  1 |
---------------+----+-----
Transmutations | 1 |  1.2
Fighting       | |  0.6
Armour         | |  0.2
Dodging        | |  1.7
Stealth        | |  1.7
Spellcasting   | |  2.1
Earth Magic    | |  2.7

Action                   || total
-------------------------++-------
Melee: Unarmed           ||     6
 Cast: Sandblast         ||    10
Armor: Robe              ||    11
Dodge: Dodged            ||    20
